← All builds
Tech / Armada / Economy first / OBSERVED BUILD

Nuke rush

Armada Tech (Eco) build order · Supreme Isthmus

After the standard T2 rush, commits to an early Armageddon nuclear launcher around 10:30-12:28, hitting the enemy base directly in nearly all games as a forward plan rather than defence.

Usually first T2 con to Geo (76%)

#nuke #t2 · 173 distinct matches · 61 players · 5% of Armada Tech games · team won 65% of 176 · Recently observed

THE CATCH, AND WHAT COMES WITH IT
  • ArmageddonArmageddon from 10:29 · 5% of role by thenOnly 5% of Tech games have it by then; others who build it get it around 10:39

Where those units first fight, in 31 games with kill data: in the enemy base 97%.

HOW TO PLAY IT

Key timing: Armageddon up by 10:28

  1. Open fast Bot Lab into Advanced Bot Lab as usual for Tech.
  2. Get Advanced Bot Lab done to keep pace with normal T2 rush.
  3. Upgrade mex to feed the coming nuke project.
  4. Commit to an Armageddon far earlier than the usual 12:23 norm.
  5. Stockpile the nuke silo while still feeding allies T2 cons.

Phase by phase

TYPICAL OF ITS 173 GAMES · AGAINST STANDARD TECH
  1. 1
  2. 2
  3. 3
  4. 4
PLAY THE OPENING

Follow the example game's first 11:30 step by step: what to build now, what comes next, and where it goes. At 1× it keeps pace with your own game.

  1. 1

    Up to the Bot Lab

    Economy
    • Metal Extractor3Mex
    • Wind Turbine4Wind
    Order
    1. Bot LabBot Lab after 3 mex, 4 winddone ~1:18, middle half 1:12–1:32

    By 1:01 in all: 3 mex · 4 wind

    The example game in this phase · 3 steps
    1. Mex ×3
    2. Wind ×4
    3. Bot LabBot Labdone 1:16 · typical 1:18
  2. 2

    Bot Lab to Advanced Bot Lab

    Economy
    • Metal Extractor1Mex
    • Wind Turbine8Wind
    • Energy Storage1Energy storage
    Order
    1. Advanced Bot LabAdvanced Bot Lab after 4 mex, 11 wind, 3 con turretdone ~4:15, middle half 4:02–4:31
    Builders
    • Construction Turret3 Con turret
    • Lazarus3 Lazarus
    • Construction Bot2 Con bot
    • Construction Bot1 Con bot for allies

    Some games also: converter (35%)

    By 3:17 in all: 4 mex · 11 wind · 1 energy storage · 3 con turret

    The example game in this phase · 16 steps
    1. Construction BotCon bot
    2. Solar ×2
    3. LazarusLazarus ×3
    4. Mex
    5. LazarusLazarus
    6. Wind ×3
    7. Construction BotCon botfor Air
    8. Wind
    9. Energy storage
    10. Con turret
    11. Construction BotCon bot
    12. Energy storage
    13. Converter
    14. Con turret
    15. Converter
    16. Advanced Bot LabAdvanced Bot Labdone 5:12 · typical 4:15
  3. 3

    Advanced Bot Lab to 5:00

    Economy
    • Wind Turbine4Wind
    Order
    1. Bot LabEat Bot Lab
    Builders
    • Advanced Construction Bot1 T2 con bot for allies

    Some games also: converter (36%)

    By 5:00 in all: 4 mex · 16 wind · 2 converter · 1 energy storage · 3 con turret

    The example game in this phase · 2 steps
    1. Converter ×5
    2. Bot LabEat Bot Labreclaimed for its metal
  4. 4

    5:00 to Nuke silo

    Economy
    • Wind Turbine63Wind
    • Energy Converter10Converter
    Order
    1. ArmageddonNuke silo after 80 wind, 12 converter, 5 con turretdone ~12:27, middle half 11:58–13:30
    Builders
    • Construction Turret2 Con turret
    • Butler8 Butler
    • Advanced Construction Bot4 T2 con bot for allies
    • Advanced Construction Bot1 T2 con bot

    Some games also: metal storage (38%) · Ghost (33%) · Butler for allies (31%)

    By 10:29 in all: 4 mex · 80 wind · 12 converter · 1 energy storage · 5 con turret (standard 3)

    The example game in this phase · 92 steps
    1. Advanced Construction BotT2 con bot ×2for Geo sea
    2. Advanced Metal ExtractorT2 mexdone 6:32 · typical 5:34
    3. Advanced Construction BotT2 con bot ×2for Air
    4. Advanced Construction BotT2 con bot ×2
    5. FatboyFatboyfor Suicide frontdone 8:48
    6. Advanced Metal ExtractorT2 mex
    7. GunslingerGunslingerfor Suicide frontdone 9:33
    8. Advanced Metal ExtractorT2 mex
    9. Wind
    10. Advanced Metal ExtractorT2 mex
    11. Wind
    12. GunslingerGunslinger
    13. Wind
    14. ButlerButler
    15. Wind ×5
    16. ButlerButler
    17. Wind ×2
    18. ButlerButler
    19. Wind ×4
    20. CitadelAnti-nukenot finished by 15:00
    21. ButlerButler
    22. Wind ×2
    23. ButlerButler ×2
    24. Wind ×2
    25. ButlerButler
    26. Wind
    27. ArmageddonArmageddonnot finished by 15:00 · typical 12:27
    28. Wind
    29. ButlerButler
    30. Wind ×11
    31. ButlerButler
    32. Wind ×3
    33. ButlerButler
    34. Wind ×4
    35. Converter
    36. Wind ×4
    37. Converter
    38. ButlerButler
    39. Wind ×2
    40. Converter
    41. Wind ×4
    42. Converter
    43. Wind ×4
    44. Converter
    45. Wind ×2
    46. Converter
    47. Wind ×4
    48. Converter
    49. Wind ×4
    50. Converter
    51. ButlerButler
    52. Wind ×3
    53. Converter
    54. Wind ×3
    55. Converter
    56. ButlerButler
    57. Wind ×2
    58. Converter
    59. Wind ×5
    60. Converter
    61. Wind ×6
    62. Converter
    63. Wind ×6
    64. Converter
    65. Wind ×5
    66. Converter
    67. Wind ×4
    68. Converter
    69. Wind ×6
    70. Converter
    71. Wind ×3
    72. Converter
    73. Wind ×6
    74. Converter
    75. Wind ×3
    76. Converter
    77. Wind ×6
    78. Converter
    79. Wind ×3
    80. Converter
    81. Wind ×3
    82. Advanced Bot LabEat Advanced Bot Labreclaimed for its metal
    83. Wind ×2
    84. Converter
    85. Wind ×4
    86. Converter
    87. Wind ×4
    88. Converter
    89. Wind ×3
    90. Con turret
    91. Wind
    92. Converter

Counts are medians over the build's games: half of them build more, half fewer. The example game is Heroic_El_Paska's (32 OS, 11/08/2026); pick another.

Team trades

IN AT LEAST 30% OF ITS GAMES

You hand over

  • Construction Bot1 Con bot to Airfirst at 2:20 · in 80% of games
  • Advanced Construction Bot5 T2 con bot to Geo sea or Air or Beach seafirst at 4:50 · in 95% of games
  • Butler2 Butler to Geo sea or Beach sea or Pondfirst at 8:45 · in 31% of games

You get

  • Hercules1 Light transport from Airfirst at 3:55 · in 81% of games

How it plays out

Typical game of this build against the role’s standard build, running totals by minute

  • This build
  • Standard tech

Metal produced

020k40k
0:005:0010:0015:00

metal

Enemy metal destroyed

050100
0:005:0010:0015:00

metal

Own metal lost

050100150
0:005:0010:0015:00

metal

176 games.

Show as table
ByMetal produced: This buildMetal produced: Standard techEnemy metal destroyed: This buildEnemy metal destroyed: Standard techOwn metal lost: This buildOwn metal lost: Standard tech
1:003823830000
2:009169150000
3:00164916510000
4:00319531430000
5:00486848480000
6:00588658000000
7:00744472270000
8:00931190610000
9:0011582111690000
10:0014070135020000
11:0018126162390000
12:0021155196520000
13:00241292344100110
14:002732427357007774
15:0030791315383885130130
WHAT THE NUMBERS SAY

Wins far more often than standard despite almost no early kills, showing the nuke threat itself reshapes the game.

  • + Team win rate 67% vs 53% standard.
  • + Own metal lost stays minimal (130 vs 198 by 15:00).
  • − Enemy metal destroyed by 15:00 is near zero (67 vs 266 standard).
  • − Delays the usual Fusion and anti-nuke items that 43-44% of role games hit.
THE EXAMPLE YOU ARE READING

Heroic_El_Paska

32.2 OS · 11/08/2026

Open source match ↗

2 received units
485 metal received · 136308 energy received

Allied construction assistance is unknown. Timings are observations, not a promise of solo reproducibility.

Typical milestones

Bot Lab1:18Middle 50%: 1:12–1:32 · n=175
Advanced Bot Lab4:15Middle 50%: 4:02–4:31 · n=172
Advanced Metal Extractor5:34Middle 50%: 5:04–6:03 · n=176
Armageddon12:27Middle 50%: 11:58–13:30 · n=125

Played most by

Crouxy22games of this buildAmrissa10games of this buildSUNTZ10games of this buildAriah9games of this buildTeaner9games of this build